 Dungeon Crawl Stone Soup version 0.20.1-1-g8b1a95d (webtiles) character file.

32 manyhoops the Ruffian (level 3, 0/28 HPs)
             Began as a Draconian Transmuter on July 26, 2017.
             Slain by a gnoll
             ... wielding a +0 spear
              (11 damage)
             ... on level 2 of the Dungeon.
             The game lasted 00:01:30 (763 turns).

manyhoops the Ruffian (Draconian Transmuter)         Turns: 763, Time: 00:01:30

Health: 0/28       AC:  6    Str: 12    XL:     3   Next: 10%
Magic:  0/6        EV: 12    Int: 14    God:
Gold:   76         SH:  0    Dex: 11    Spells: 3/6 levels left

rFire    . . .     SeeInvis .     - Unarmed
rCold    . . .     Gourm    .   (no shield)
rNeg     . . .     Faith    .   (armour unavailable)
rPois    .         Spirit   .   (helmet restricted)
rElec    .         Reflect  .   (no cloak)
rCorr    .         Harm     .   g - +0 pair of gloves
MR       .....                  (no boots)
Stlth    +.........             (no amulet)
Regen    0.1/turn               (no ring)
MPRegen  0.1/turn               (no ring)

@: very slightly contaminated
A: unfitting armour, cold-blooded, AC +5
a: no special abilities


You were on level 2 of the Dungeon.
You were not hungry.

You visited 1 branch of the dungeon, and saw 2 of its levels.

You collected 76 gold pieces.

Inventory:

Missiles
 a - 16 arrows
Armour
 g - a +0 pair of gloves (worn)
Scrolls
 h - a scroll of noise {unknown}
 i - 3 scrolls of identify {unknown}
 j - a scroll of remove curse {unknown}
Potions
 d - a potion of degeneration {unknown}
 e - a potion of haste {unknown}
Books
 b - a book of Changes

   Spells                             Type                      Level
   a - Beastly Appendage              Transmutation                1
   b - Sticks to Snakes               Transmutation                2
   c - Spider Form                    Transmutation/Poison         3
   d - Ice Form                       Ice/Transmutation            4
   e - Blade Hands                    Transmutation                5
Comestibles
 c - 2 bread rations
 f - 2 meat rations
 k - 2 chunks of flesh


   Skills:
 - Level 1.1 Fighting
 - Level 1.7 Dodging
 + Level 4.2 Unarmed Combat
 - Level 2.0 Spellcasting
 - Level 2.1 Transmutations


You had 3 spell levels left.
You knew the following spells:

 Your Spells              Type           Power        Failure   Level  Hunger
a - Beastly Appendage     Tmut           #.....       10%         1    ##.....
b - Sticks to Snakes      Tmut           #.......     16%         2    ###....


Dungeon Overview and Level Annotations

Branches:
Dungeon (2/15)

Altars:


Innate Abilities, Weirdness & Mutations

Your plain brown scales are hard. (AC +5)
You cannot fit into any form of body armour.
You are cold-blooded and may be slowed by cold attacks.


Message History

Found 27 arrows.
Casting: Sticks to Snakes
Confirm with . or Enter, or press ? or * to list all spells.
You miscast Sticks to Snakes.
You are very lightly contaminated with residual magic.
Your hands glow momentarily.
The rat barely misses you. The adder bites you.
You barely miss the adder. The rat bites you but does no damage.
The gnoll hits you. The adder closely misses you.
You hit the adder but do no damage. The adder closely misses you.
The rat misses you.
You punch the adder! Your punch misses the adder.
The adder is severely wounded.
The adder bites you but does no damage. The gnoll hits you.
The gnoll misses you. The rat bites you but does no damage.
The adder closely misses you.
You barely miss the adder.
The adder is severely wounded.
The gnoll misses you. The gnoll hits you.
The gnoll hits you from afar with a spear!
You die...

..(... .... ##+## #
.... ##...## # ...#
##.....### #..##
##.......##
##gg.####.........#
#rSg....+.........'
######@g.#
#....)....#
#.....S.##
##.......##
#.####.## ##..>..##
#.# #.# ##...## #.#
##.# ##'## #.# #..#
#.# #.# #..###
######.#####
#.###..#..
...##.#....
#.<....#.# #.#....#


You could see 4 gnolls, an adder, a rat and a friendly adder.

Vanquished Creatures
  An adder (D:2)
  A worm (D:1)
  A dart slug (D:2)
  A leopard gecko (D:1)
  3 giant cockroaches (D:1)
  4 hobgoblins
  2 ball pythons
  A bat (D:2)
  2 frilled lizards
  3 kobolds
19 creatures vanquished.

Notes
Turn   | Place    | Note
-------+----------+-------------------------------------------
     0 | D:1      | manyhoops the Draconian Transmuter began the quest for the Orb.
     0 | D:1      | Reached XP level 1. HP: 16/16 MP: 3/3
   238 | D:1      | Reached XP level 2. HP: 23/23 MP: 5/5
   552 | D:1      | Reached skill level 4 in Unarmed Combat
   679 | D:1      | Learned a level 2 spell: Sticks to Snakes
   722 | D:2      | Reached XP level 3. HP: 21/28 MP: 6/6
   763 | D:2      | Slain by a gnoll

Skill      XL: |  1  2 |
---------------+-------+-----
Unarmed Combat | 4 |  4.2
Fighting       | |  1.1
Dodging        | |  1.7
Spellcasting   | |  2.0
Transmutations | |  2.1

Action                   || total
-------------------------++-------
Melee: Unarmed           ||    57
       Tailslap          ||     3
       Kick              ||     3
 Cast: Beastly Appendage ||     2
       Sticks to Snakes  ||     2
Armor: Skin              ||    16
Dodge: Dodged            ||    25
